 Dungeon Crawl Stone Soup version 0.24.0-2-g5b39cebb1c (webtiles) character file.

Game seed: 15960621756909873393, levelgen mode: deterministic

6 Esekla the Skirmisher (level 1, 10/16 HPs)
             Began as an Octopode Abyssal Knight on Oct 29, 2019.
             Was a Follower of Lugonu.
             Got out of the dungeon alive.
             The game lasted 00:02:51 (224 turns).

Esekla the Skirmisher (Octopode Abyssal Knight)      Turns: 224, Time: 00:02:51

Health: 10/16      AC:  1    Str: 11    XL:     1   Next: 90%
Magic:  2/2        EV: 13    Int: 14    God:    Lugonu [*.....]
Gold:   9          SH:  0    Dex: 11    Spells: 0/0 levels left

rFire    . . .     SeeInvis .   a - +1 falchion
rCold    . . .     Gourm    .   (no shield)
rNeg     . . .     Faith    .   (helmet restricted)
rPois    .         Spirit   .   (no amulet)
rElec    .         Reflect  .   (no ring)
rCorr    .         Harm     .   (no ring)
MR       .....                  (no ring)
Stlth    ++........             (no ring)
HPRegen  0.05/turn              (no ring)
MPRegen  0.08/turn              (no ring)
                                (no ring)
                                (no ring)

@: no status effects
A: almost no armour, stealthy swim, amphibious, 8 rings, constrict 8, camouflage
1, gelatinous body 1
a: Depart the Abyss, Renounce Religion


You escaped.
You worshipped Lugonu.
Lugonu was aware of your devotion.
You were not hungry.

You visited 1 branch of the dungeon, and saw 2 of its levels.
You visited the Abyss 1 time.

You collected 9 gold pieces.

Inventory:

Hand Weapons
 a - a +1 falchion (weapon)
Scrolls
 c - a scroll of identify {unknown}
Comestibles
 b - a ration


   Skills:
 + Level 3.1 Fighting
 * Level 2.1 Long Blades
 * Level 2.5 Dodging
 + Level 2.0 Invocations


You couldn't memorise any spells.
You didn't know any spells.
Your spell library was empty.

Dungeon Overview and Level Annotations

Branches:
Dungeon (2/15)

Altars:


Innate Abilities, Weirdness & Mutations

You cannot wear most types of armour.
You are very stealthy in the water. (Stealth+)
You are amphibious.
You can wear up to eight rings at the same time.
You can use your tentacles to constrict eight enemies at once.
Your skin changes colour to match your surroundings (Stealth+).
Your rubbery body absorbs attacks. (AC +1, EV +1)


Message History

Found a stone staircase leading down.
There is a fountain of clear blue water here.
There is a stone staircase leading down here.
You climb downwards.
A worm and a kobold come into view.
Found a ration and a scroll labeled HYTZEA YQAARPHOSA.
Found two stone staircases leading down.
There is a stone staircase leading up here.
You climb upwards.
There is a stone staircase leading down here.
There is a fountain of clear blue water here.
You open the door.
There is an open door here.
There is an open door here.
There is an open door here.
There is a staircase leading out of the dungeon here.
Are you sure you want to leave the Dungeon?
This will make you lose the game!
Alright, then stay!
Are you sure you want to leave the Dungeon?
This will make you lose the game!
You have escaped!

#.# #.# #.# #.# #.#
..###### #.#
#..##...########.#
#..##...##.......#
#..##.@.##.#######
#..##...##.#
#..##...##†#
###..###'###.#
#########....###.###.#
...........⌠.........#
.####>###...........##
#.# ######.###### #.#
####'####


There were no monsters in sight!

Vanquished Creatures
  4 jackals (D:1)
  A bat (D:1)
5 creatures vanquished.

Notes
Turn   | Place    | Note
-------+----------+-------------------------------------------
     0 | Abyss:1  | Esekla the Octopode Abyssal Knight began the quest for the
                  | Orb.
     0 | Abyss:1  | Reached XP level 1. HP: 16/16 MP: 2/2
    75 | Abyss:1  | Noticed a small abomination
    76 | Abyss:1  | Noticed a chaos spawn
    77 | Abyss:1  | Noticed a small abomination
   104 | Abyss:1  | Noticed a small abomination
   107 | Abyss:1  | Noticed a spatial vortex
   109 | Abyss:1  | Noticed a spatial vortex
   109 | Abyss:1  | Noticed a spatial vortex
   116 | Abyss:1  | Noticed a spatial maelstrom
   128 | Abyss:1  | Noticed a flying skull
   131 | Abyss:1  | Noticed a spatial vortex
   134 | D:1      | Escaped the Abyss
   224 | D:$      | Got out of the dungeon alive.

Levels and vault maps discovered:
D:1:      dpeg_arrival_rooms_a, layout_loops_ring,
          chequers_serial_rivers_micro_b, dk_noncrumbling_2, cheibriados_altar_1
D:2:      layout_rooms, nicolae_ru_the_path_less_chosen, minmay_pentomino_q2

Action                   || total
-------------------------++-------
Melee: Falchion          ||    11
       Constrict         ||     5
       Tentacles         ||     1
Armor: Skin              ||     1
Dodge: Dodged            ||     7
       Rpst.: Falchion   ||     4
